 Dungeon Crawl Stone Soup version 0.27.1 (webtiles) character file.

Game seed: 3166944464342312743

360 safid the Chopper (level 6, -1/55 HPs)
             Began as a Hill Orc Fighter on Sept 2, 2021.
             Was a Follower of Beogh.
             Slain by an ogre (13 damage)
             ... on level 4 of the Dungeon.
             The game lasted 00:10:11 (3893 turns).

safid the Chopper (Hill Orc Fighter)                Turns: 3893, Time: 00:10:12

Health: -1/55      AC:  9    Str: 21    XL:     6   Next: 65%
Magic:  6/6        EV:  5    Int:  8    God:    Beogh [*.....]
Gold:   7          SH: 10    Dex: 10    Spells: 5/5 levels left

rFire    . . .     SeeInvis .   a - +0 war axe
rCold    . . .     Faith    .   c - +0 kite shield
rNeg     . . .     Spirit   .   k - +0 chain mail
rPois    .         Reflect  .   (no helmet)
rElec    .         Harm     .   (no cloak)
rCorr    .         Rampage  .   (no gloves)
Will     .....                  (no boots)
Stlth    ..........             (no amulet)
HPRegen  0.18/turn              (no ring)
MPRegen  0.10/turn              (no ring)

@: about to teleport
A: no striking features
a: Renounce Religion


You were on level 4 of the Dungeon.
You worshipped Beogh.
Beogh was aware of your devotion.
You visited 1 branch of the dungeon, and saw 4 of its levels.

You collected 137 gold pieces.
You spent 130 gold pieces at shops.

Inventory:

Hand Weapons
 a - a +0 war axe (weapon)
Missiles
 j - 59 stones
 l - 5 javelins (quivered)
Armour
 c - a +0 kite shield (worn)
 k - a +0 chain mail (worn)
Scrolls
 d - a scroll of enchant weapon {unknown}
 e - 3 scrolls of teleportation
 m - a scroll of amnesia {unknown}
 q - a scroll of blinking {unknown}
 s - a scroll of identify
Potions
 b - a potion of mutation {unknown}
 f - a potion of attraction {unknown}
 g - 5 potions of curing
 h - a potion of flight {unknown}
 i - 2 potions of berserk rage
 n - a potion of magic {unknown}
 o - a potion of haste
 p - a potion of heal wounds
 r - a potion of might


   Skills:
 + Level 4.9 Fighting
 + Level 6.0 Axes
 + Level 4.3 Armour
 - Level 0.2 Dodging
 + Level 4.9 Shields


You had 5 spell levels left.
You didn't know any spells.
Your spell library contained the following spells:

 Spells                   Type           Power      Damage    Failure   Level
 Animate Skeleton         Necr           0%         N/A       100%        1
 Pain                     Necr           0%         1d4       100%        1
 Vampiric Draining        Necr           0%         2d6       100%        3


Dungeon Overview and Level Annotations

Branches:
Dungeon (4/15)
 Temple: D:4-7

Altars:
Dithmenos
Gozag
Kikubaaqudgha
Nemelex Xobeh
Xom
Zin

Shops:
D:3 *


Message History

s - a scroll of identify An ufetubus comes into view.
Found 12 arrows.
The ufetubus shouts!
The ufetubus hits you but does no damage.
You block the ufetubus's attack.
You closely miss the ufetubus. You block the ufetubus's attack.
The ufetubus barely misses you.
The ufetubus hits you but does no damage. x2
Your chain mail prevents you from hitting the ufetubus.
You block the ufetubus's attack. x2
The ufetubus hits you but does no damage.
The ufetubus hits you.
You slash the ufetubus!
You kill the ufetubus!
Beogh accepts your kill.
No target in view!
Found a scroll labelled ZOVOLEB HOULA.
Found a potion of curing.
Found a scroll labelled CAPU NINUI.
An ogre comes into view. It is wielding a +0 giant spiked club.
The ogre shouts!
An adder comes into view.
There are monsters nearby!
The adder hisses angrily.
The ogre hits you with a +0 giant spiked club!
You barely miss the ogre. The ogre barely misses you.
The adder closely misses you. You block the adder's attack.
The adder barely misses you.
Your chain mail prevents you from hitting the adder.
You hit the ogre. The adder bites you but does no damage.
The ogre hits you with a +0 giant spiked club!!
Ouch! That really hurt!
* * * LOW HITPOINT WARNING * * *
The adder bites you but does no damage.
Unknown command.
As you read the scroll of teleportation, it crumbles to dust.
You feel strangely unstable. You block the adder's attack.
The ogre hits you with a +0 giant spiked club!
You die...

# #. ..?..#..# ###.#..
.#.. #.......### #.... ...
#?........#####...#
##.##(#...#....#.......
.##...#.....#.#..........
..............#..........
..###..........#...##...
##..........#...###..
#..O@...>...#.###....
#.....S.....#..........#
#..........##........###
...##........###........##
#.. #........##..........#
.. .........####.###...###
. .........## ### ##.##
...!#.#### ### ##


You could see an ogre and an adder.

Vanquished Creatures
  A bullfrog (D:4)
  A howler monkey (D:4)
  Natasha (thrice) (D:3)
  An orc wizard (D:2)
  Robin (D:3)
  3 adders
  A white imp (D:3)
  An ufetubus (D:4)
  3 worms
  5 dart slugs
  7 orcs
  3 bats
  4 endoplasms
  4 giant cockroaches
  13 goblins
  8 hobgoblins
  8 kobolds
  5 quokkas
  4 ball pythons
  3 frilled lizards
  7 rats
86 creatures vanquished.

Vanquished Creatures (others)
  An orc priest (D:3)
  A hobgoblin (D:3)
2 creatures vanquished.

Grand Total: 88 creatures vanquished

Notes
Turn   | Place    | Note
-------+----------+-------------------------------------------
     0 | D:1      | safid the Hill Orc Fighter began the quest for the Orb.
     0 | D:1      | Reached XP level 1. HP: 19/19 MP: 1/1
   154 | D:1      | Reached XP level 2. HP: 27/27 MP: 2/2
   310 | D:1      | Reached skill level 3 in Axes
   663 | D:1      | Found a faded altar of an unknown god.
   716 | D:1      | Reached XP level 3. HP: 19/33 MP: 3/3
  1734 | D:2      | Reached skill level 4 in Axes
  1734 | D:2      | Reached XP level 4. HP: 26/40 MP: 4/4
  2017 | D:2      | Found an opulent altar of Gozag.
  2339 | D:3      | Noticed Natasha
  2355 | D:3      | Killed Natasha
  2356 | D:3      | Reached XP level 5. HP: 35/46 MP: 5/5
  2542 | D:3      | Found an ancient bone altar of Kikubaaqudgha.
  2558 | D:3      | Became a worshipper of Beogh the Brigand
  2641 | D:3      | Reached skill level 5 in Axes
  2662 | D:3      | Found a sparkling altar of Nemelex Xobeh.
  2665 | D:3      | Found a shadowy altar of Dithmenos.
  2669 | D:3      | Found a shimmering altar of Xom.
  2719 | D:3      | Noticed Natasha
  2738 | D:3      | Killed Natasha
  2778 | D:3      | Noticed Natasha
  2780 | D:3      | Killed Natasha
  3106 | D:3      | Found a glowing silver altar of Zin.
  3114 | D:3      | Noticed Robin
  3129 | D:3      | Killed Robin
  3130 | D:3      | Reached XP level 6. HP: 52/53 MP: 6/6
  3231 | D:3      | Found Piririut's General Store.
  3240 | D:3      | Bought a potion of heal wounds for 50 gold pieces
  3240 | D:3      | Bought a potion of curing for 30 gold pieces
  3240 | D:3      | Bought a scroll of identify for 20 gold pieces
  3240 | D:3      | Bought a scroll of teleportation for 30 gold pieces
  3623 | D:3      | Reached * piety under Beogh
  3774 | D:4      | Reached skill level 6 in Axes
  3893 | D:4      | Slain by an ogre

Illustrated notes

Levels and vault maps discovered:
D:1:      dpeg_arrival_rhombi, layout_basic, dilly_ecumenical_altar_fadedgnrine
D:2:      layout_loops_ring, basic_altar
D:3:      layout_basic, mainiacjoe_overflow_chevrons,
          grunt_temple_overflow_diamond, nicolae_kikubaaqudgha_miasma_corner,
          serial_shops, nicolae_shop_stone, uniq_natasha, uniq_robin
D:4:      layout_cave_pools, serial_shops, nicolae_lakefront_shop,
          kennysheep_flooded_box, minmay_misc_feat_columns, minmay_cupped

Skill      XL: |  1  2  3  4  5  6 |
---------------+-------------------+-----
Axes           | 3 4 5 6 |  6.0
Fighting       | 4 |  4.9
Armour         | 4 |  4.3
Shields        | 4 |  4.9
Dodging        | |  0.2

Action                   |  1- 3 |  4- 6 || total
-------------------------+-------+-------++-------
Melee: War axe           |    79 |   179 ||   258
Throw: Javelin           |       |     1 ||     1
Invok: Convert to Beogh  |       |     1 ||     1
  Use: Potion            |       |     1 ||     1
       Scroll            |       |     3 ||     3
Armor: Scale mail        |    43 |    11 ||    54
       Chain mail        |       |    62 ||    62
Dodge: Dodged            |    19 |    44 ||    63
Block: Kite shield       |    32 |    97 ||   129
